 Dungeon Crawl Stone Soup version 0.32-a0-391-gce5c0aab1b (webtiles) character file.

Game seed: 9593315265996476205

67201 Zeldest the Toxicologist (level 15, -16/100 HPs)
             Began as a Coglin Alchemist on Feb 19, 2024.
             Was a High Priest of Yredelemnul.
             Demolished by yleetSyT's ghost (37 damage)
             ... on level 1 of the Orcish Mines.
             The game lasted 01:01:24 (22462 turns).

Zeldest the Toxicologist (Coglin Alchemist)        Turns: 22462, Time: 01:01:24

Health: -16/100    AC:  9    Str:  7    XL:     15   Next: 22%
Magic:  29/29      EV: 12    Int: 22    God:    Yredelemnul [*****.]
Gold:   837        SH:  0    Dex:  9    Spells: 11/34 levels left

rFire   . . .        J - +10 dagger of Tuegipin {flame, rPois rC+++ Dex-5 Stlth-}
rCold   + + +        U - staff of alchemy {Shi}
rNeg    . . .        o - +1 robe of Vines {NoPotionHeal Regen++++}
rPois   +            (no helmet)
rElec   .            d - scarf {rC+ rF+}
rCorr   .            C - +0 pair of gloves
SInv    .            a - +0 pair of boots
Will    ++++.        V - amulet "Kel Jabe" {Faith Fly rPois Will+++ Str-2}
Stlth   +            P - ring of ice
HPRegen 3.56/turn    v - +4 ring of protection
MPRegen 0.21/turn

%: faith
@: flying, wreathed by umbra, studying 2 skills, revving
A: off-hand wielding, slow wielding, warmup strikes, warmup strides
a: Renounce Religion, Light the Black Torch, Recall Undead Harvest, Hurl
Torchlight, Bind Soul, Fathomless Shackles


You were on level 1 of the Orcish Mines.
You worshipped Yredelemnul.
Yredelemnul was aware of your devotion.
You visited 4 branches of the dungeon, and saw 21 of its levels.
You also visited: Sewer, Bailey and Ice Cave.

You collected 2058 gold pieces.
You spent 1221 gold pieces at shops.

Inventory:

Hand Weapons
 J - the +10 dagger of Tuegipin (weapon) {flame, rPois rC+++ Dex-5 Stlth-}
   (You found it on level 1 of the Lair of Beasts)

   Dex-5:     It affects your dexterity (-5).
   rC+++:     It renders you almost immune to cold.
   rPois:     It protects you from poison Stlth-: It makes you less stealthy.
Missiles
 T - 4 curare-tipped darts
 Z - 3 throwing nets
Armour
 a - a +0 pair of boots (worn)
 d - a scarf of resistance (worn)
 o - the +1 robe of Vines (worn) {NoPotionHeal Regen++++}
   (You found it on level 1 of the Lair of Beasts)

   NoPotionHeal: Its wearer cannot be healed by potions.
   Regen++++: It increases your rate of health regeneration.
 C - a +0 pair of gloves (worn)
Magical Staves
 U - a staff of alchemy (worn) {Shi}
Jewellery
 p - a ring of ice
 v - a +4 ring of protection (right grasper)
 w - a ring of wizardry
 P - a ring of ice (left grasper)
 R - a ring of positive energy
 V - the amulet "Kel Jabe" (around neck) {Faith Fly rPois Will+++ Str-2}
   (You bought it in a shop on level 10 of the Dungeon)

   [amulet of faith]

   Faith:     It allows you to gain divine favour quickly.
   Str-2:     It affects your strength (-2).
   rPois:     It protects you from poison Will+++: It greatly increases your
   willpower.
   Fly:       It grants you flight.
Wands
 n - a wand of flame (19)
 x - a wand of digging (10)
 E - a wand of mindburst (42)
 O - a wand of charming (7)
 X - a wand of roots (4)
Scrolls
 c - 2 scrolls of silence {unknown}
 g - 5 scrolls of blinking {unknown}
 h - 8 scrolls of teleportation
 i - 6 scrolls of fog {unknown}
 k - 2 scrolls of enchant armour {unknown}
 q - 2 scrolls of poison {unknown}
 u - a scroll of amnesia {unknown}
 y - 2 scrolls of noise {unknown}
 z - a scroll of immolation
 D - 4 scrolls of vulnerability {unknown}
 H - 3 scrolls of revelation {unknown}
 M - 2 scrolls of fear {unknown}
 N - 3 scrolls of enchant weapon {unknown}
 S - a scroll of torment {unknown}
 W - 2 scrolls of brand weapon {unknown}
 Y - 4 scrolls of identify
Potions
 b - 2 potions of curing
 e - 2 potions of cancellation
 f - 5 potions of lignification
 j - a potion of resistance
 l - a potion of berserk rage
 m - a potion of brilliance
 r - 3 potions of mutation
 s - a potion of ambrosia
 t - 3 potions of attraction
 A - a potion of invisibility
 B - 3 potions of enlightenment
 F - 5 potions of heal wounds
 K - 2 potions of haste
 L - 2 potions of magic
Miscellaneous
 Q - a phial of floods (inert)


   Skills:
 + Level 3.8 Fighting
 + Level 3.4 Short Blades
 - Level 2.0 Dodging
 - Level 1.8 Stealth
 - Level 10.0 Spellcasting
 - Level 10.0 Conjurations
 - Level 10.0 Fire Magic
 - Level 14.0 Alchemy
 + Level 9.1 Invocations
 - Level 10.0 Evocations


You had 11 spell levels left.
You knew the following spells:

 Your Spells              Type           Power      Damage    Failure   Level
a - Sting                 Conj/Alch      100%       1d9       1%          1
b - Mercury Vapours       Alch/Air       100%       N/A       1%          2
c - Sticky Flame          Fire/Alch      77%        2d12      1%          4
d - Olgreb's Toxic Radia  Alch           83%        N/A       1%          4
e - Ignite Poison         Fire/Alch      77%        N/A       1%          4
f - Irradiate             Conj/Alch      38%        3d24      1%          5
g - Mephitic Cloud        Conj/Alch/Air  62%        N/A       1%          3

Your spell library contained the following spells:

 Spells                   Type           Power      Damage    Failure   Level
 Shock                    Conj/Air       100%       1d9       1%          1
 Momentum Strike          Conj/Tloc      66%        3d9       1%          2
 Dazzling Flash           Conj/Hex       66%        N/A       2%          3
 Inner Flame              Hex/Fire       33%        N/A       2%          3
 Stone Arrow              Conj/Erth      66%        3d11      2%          3
 Necrotise                Necr           44%        1d6       6%          1
 Iskenderun's Mystic Bla  Conj/Tloc      33%        2d8       8%          4
 Blink                    Tloc           22%        N/A       9%          2
 Jinxbite                 Hex            22%        N/A       9%          2
 Lesser Beckoning         Tloc           22%        N/A       9%          2
 Yara's Violent Unravell  Hex/Alch       29%        3d12      10%         5
 Call Canine Familiar     Summ           11%        N/A       19%         3
 Fugue of the Fallen      Necr           11%        N/A       19%         3
 Ozocubu's Armour         Ice            16%        N/A       19%         3
 Sigil of Binding         Hex            11%        N/A       19%         3
 Swiftness                Air            11%        N/A       19%         3
 Tukima's Dance           Hex            11%        N/A       19%         3
 Vampiric Draining        Necr           11%        2d6       19%         3
 Arcjolt                  Conj/Air       16%        1d26      22%         5
 Sculpt Simulacrum        Ice/Alch       38%        N/A       45%         6
 Airstrike                Air            5%         2d(1-17)  52%         4
 Animate Armour           Summ/Erth      22%        N/A       52%         4
 Dimensional Bullseye     Hex/Tloc       5%         N/A       52%         4
 Manifold Assault         Tloc           11%        N/A       52%         4
 Martyr's Knell           Necr/Summ      11%        N/A       52%         4
 Passage of Golubria      Tloc           11%        N/A       52%         4
 Vhi's Electric Charge    Tloc/Air       22%        N/A       52%         4
 Curse of Agony           Necr           11%        N/A       86%         5
 Silence                  Hex/Air        5%         N/A       86%         5
 Monstrous Menagerie      Summ           5%         N/A       100%        7
 Ozocubu's Refrigeration  Ice            8%         4d9       100%        7
 Disjunction              Tloc           5%         N/A       100%        8
 Ignition                 Fire           26%        3d9       100%        8
 Lehudib's Crystal Spear  Conj/Erth      16%        10d5      100%        8
 Maxwell's Capacitive Co  Air            5%         ∞         100%        8
 Polar Vortex             Ice            8%         12d1*     100%        9


Dungeon Overview and Level Annotations

Branches:
Dungeon (14/15) Zot: 26860  Temple (1/1) D:6 Zot: 5976    Lair (5/5) D:8 Zot: 24027
 Shoals (0/4) Lair:3        Snake (0/4) Lair:3          Orc (1/2) D:11 Zot: 5611
  Sewer (visited)          Bailey (visited)           IceCv (visited)
  Slime: Lair:4-5    Vaults: D:13-14

Altars:
Ashenzari
Cheibriados
Dithmenos
Elyvilon
Fedhas
Gozag
Hepliaklqana
Kikubaaqudgha
Makhleb
Nemelex Xobeh
Okawaru
Qazlal
Ru
Sif Muna
Trog
Uskayaw
Vehumet
Wu Jian
Xom
Yredelemnul
Zin
The Shining One
Jiyva

Shops:
D:7 ?   D:10 =***

Annotations:
D:3 2 transporters, Gryn's ghost, amateur CoHu
D:6 3 runed translucent doors, Menkaure
D:13 2 transporters, Teloqir's ghost, journeyman MiFi
Lair:1 1 runed translucent door, exclusion: oklob plant, ranchalot's ghost, journeyman CoWr
Lair:5 exclusion: 3 oklob plants
Orc:1 yleetSyT's ghost, journeyman FeDe


Innate Abilities, Weirdness & Mutations

You can wield a second weapon in your off-hand.
It takes a long time for you to wield or remove held weapons.
Your first few attacks do less damage.
Your first movements take longer.


Message History

YleetSyT's ghost hits your orc wizard zombie.
You swap places.
YleetSyT's ghost mumbles some strange words.
Space momentarily warps into an impossible shape!
YleetSyT's ghost hits you. YleetSyT's ghost hits you!!
There is an open translucent door, spattered with blood here.
You miss yleetSyT's ghost with the +10 dagger of Tuegipin.
You miss yleetSyT's ghost with your staff of alchemy.
YleetSyT's ghost mumbles some strange words.
Space momentarily warps into an impossible shape!
YleetSyT's ghost hits your orc wizard zombie from afar!!
YleetSyT's ghost hits your orc zombie from afar!
Your orc zombie is destroyed!
You completely miss yleetSyT's ghost with the +10 dagger of Tuegipin.
You miss yleetSyT's ghost with your staff of alchemy.
YleetSyT's ghost hits you but does no damage.
You closely miss yleetSyT's ghost with your staff of alchemy.
You hit yleetSyT's ghost but do no damage.
YleetSyT's ghost casts a spell.
Space momentarily warps into an impossible shape!
YleetSyT's ghost hits you!!
YleetSyT's ghost hits your orc wizard zombie from afar!!!
Your orc wizard zombie is destroyed!
YleetSyT's ghost mumbles some strange words.
Space momentarily warps into an impossible shape!
YleetSyT's ghost hits you from afar!!!
* * * LOW HITPOINT WARNING * * *
YleetSyT's ghost hits your orc sorcerer zombie from afar!!!
YleetSyT's ghost casts a spell.
Space momentarily warps into an impossible shape!
YleetSyT's ghost hits your orc warrior zombie from afar!!
Your orc sorcerer zombie misses yleetSyT's ghost.
Things that are here:
a +0 flail; a +0 plate armour YleetSyT's ghost casts a spell.
Space momentarily warps into an impossible shape!
YleetSyT's ghost hits your orc sorcerer zombie!!
YleetSyT's ghost hits you from afar!!!
You die...
Your body rises from the dead as a mindless zombie.

###....##...##.......#
##.....##..!..##.....##
##...#..#⌠.?♣!.⌠#....##
##....#..##.....##...##
#.Z.###...##...##ZZ.##
#.Z#####...##W##ZZ...#
#..Z#.##....#Z#Z.)...#
###...#))....Z)Z)...#####
##....).....@.##..#...###
###...)<)###.)).#........##
#.Z.)....#.......#........#
#ZZ.##^..#....)......#....#
####ZZ.##......##.#...###.#..##
#..Z.#####.....####...######..###
Z###ZZZ.###....####....##.....Z#.
## ##Z..Z#......##......##..###..
#.ZZZZ.##Z..#..###Z.#....###Z


You could see yleetSyT's ghost (ally target), a friendly warg zombie, a friendly
orc zombie, a friendly orc warrior zombie, a friendly orc priest zombie, a
friendly orc wizard zombie, a friendly orc sorcerer zombie, a friendly
two-headed ogre zombie and a friendly troll zombie.

Vanquished Creatures
  An orc warlord (Bailey)
  5 hydras
  3 catoblepae
  4 two-headed ogres
  2 boulder beetles
  A centaur warrior (D:13)
  4 death yaks (Lair:5)
  An orc high priest (Orc:1)
  Sonja (D:13)
  A skyshark (Lair:5)
  A skeletal warrior (D:14)
  An arcanist (D:13)
  2 deep elf pyromancers (D:9)
  An orc sorcerer (Orc:1)
  2 black mambas
  17 elephants
  An ice statue (IceCv)
  3 cane toads
  2 komodo dragons
  An anaconda simulacrum (IceCv)
  An unseen horror (D:7)
  4 rime drakes
  A kobold demonologist (D:9)
  A freezing wraith (D:14)
  3 ice devils (IceCv)
  4 trolls
  A hornet (D:7)
  Prince Ribbit (D:6)
  7 blink frogs
  A shadow (D:9)
  35 yaks
  9 wyverns
  Eustachio (D:5)
  2 basilisks
  2 steam dragons
  An acid dragon (D:9)
  2 nagas (Lair:3)
  9 water moccasins
  A hydra simulacrum (IceCv)
  2 sky beasts
  An ice beast (D:5)
  5 orc warriors
  A black bear (D:4)
  3 wolves (Lair:4)
  12 centaurs
  2 ogres (Orc:1)
  6 bullfrogs
  A gnoll sergeant (D:10)
  2 scorpions
  3 wights (D:8)
  13 killer bees
  3 electric eels
  A howler monkey (D:9)
  3 bombardier beetles
  6 hounds
  2 gnoll boudas
  6 orc priests
  2 jellies
  3 sleepcaps
  7 orc wizards
  2 iguanas
  18 gnolls
  18 adders
  2 naga simulacra (IceCv)
  4 shadow imps
  3 ribbon worms
  8 dart slugs
  28 orcs
  8 ball pythons
  5 bats
  5 endoplasms (D:1)
  8 giant cockroaches
  6 goblins
  8 hobgoblins
  A jackal (D:2)
  4 quokkas
  13 frilled lizards
  19 kobolds
  4 rats
388 creatures vanquished.

Vanquished Creatures (collateral kills)
  A fire giant (D:10)
  2 hydras
  An ogre mage (D:10)
  A two-headed ogre (D:12)
  A catoblepas (Lair:5)
  A tengu warrior (D:9)
  2 death yaks (Lair:5)
  2 skeletal warriors (D:14)
  2 cyclopes
  2 ugly things (D:13)
  2 manticores
  2 meliai (D:13)
  3 elephants
  An ice statue (IceCv)
  2 black mambas
  Maggie (Lair:1)
  2 cane toads
  A rime drake (Lair:5)
  2 gargoyles
  A freezing wraith (D:14)
  2 komodo dragons
  An efreet (D:14)
  5 ice devils (IceCv)
  4 trolls
  A slime creature (D:9)
  2 blink frogs
  3 shadows
  A wraith (D:11)
  5 dire elephant simulacra (IceCv)
  19 yaks
  3 vampires
  A vampire mosquito (D:10)
  A warg (Orc:1)
  A basilisk (Lair:5)
  A death yak simulacrum (IceCv)
  2 harpy simulacra (IceCv)
  A hydra simulacrum (IceCv)
  2 acid dragons (D:10)
  A naga (Lair:3)
  6 water moccasins
  2 orc warriors
  A black bear (Lair:3)
  5 centaurs
  A kobold brigand (D:7)
  A bullfrog (Lair:2)
  4 wights (D:8)
  2 killer bees
  A howler monkey (D:9)
  A jelly (D:7)
  2 orc priests (Orc:1)
  2 iguanas
  An orc wizard (Orc:1)
  2 sleepcaps (D:7)
  3 gnolls
  A white imp (D:8)
  2 orcs (Bailey)
  3 kobolds
128 creatures vanquished.

Vanquished Creatures (others)
  A spectral reaper (D:14)
  A black mamba zombie (Lair:4)
  A yak (D:10)
  2 spectral ice devils (IceCv)
  A spectral efreet (D:14)
  A cane toad zombie (Lair:1)
  An orc warrior (Orc:1)
  A blink frog zombie (Lair:2)
  3 water moccasin zombies
  6 yak zombies
  A troll zombie (D:11)
  3 wolf zombies (Lair:4)
  2 bullfrog zombies
  3 killer bee zombies (D:13)
  3 acid dragon zombies
  A steam dragon zombie (D:10)
  11 orc zombies
  An iguana zombie (D:7)
  2 gnoll zombies (D:7)
  4 kobold zombies (Bailey)
49 creatures vanquished.

Grand Total: 565 creatures vanquished

Notes
Turn   | Place    | Note
-------+----------+-------------------------------------------
     0 | D:1      | Zeldest the Coglin Alchemist began the quest for the Orb.
     0 | D:1      | Reached XP level 1. HP: 13/13 MP: 3/3
     7 | D:1      | You fall into a shaft and drop 1 floor!
    51 | D:1      | Reached skill level 1 in Conjurations
   108 | D:1      | Reached XP level 2. HP: 12/19 MP: 2/4
   292 | D:1      | Learned a level 2 spell: Mercury Vapours
   511 | D:1      | Reached XP level 3. HP: 24/24 MP: 4/6
   964 | D:2      | Reached skill level 4 in Alchemy
  1393 | D:2      | Reached XP level 4. HP: 30/30 MP: 5/7
  1641 | D:2      | Identified the +1 robe "Zygeuptodef" {rN+}
  1977 | D:3      | Found a transporter.
  1981 | D:3      | Found a transporter.
  1981 | D:3      | Noticed Gryn's ghost (amateur CoHu)
  2078 | D:3      | Found a radiant altar of Vehumet.
  2303 | D:3      | Reached XP level 5. HP: 22/35 MP: 3/8
  2307 | D:3      | Reached skill level 5 in Alchemy
  2309 | D:3      | Found a glowing drain.
  2318 | Sewer    | Entered a sewer
  2447 | Sewer    | Learned a level 4 spell: Olgreb's Toxic Radiance
  2823 | Sewer    | Reached skill level 6 in Alchemy
  2823 | Sewer    | Reached XP level 6. HP: 16/41 MP: 0/10
  2949 | Sewer    | Got Dideluy's Codex of Twisted Calefaction
  2964 | Sewer    | Learned a level 4 spell: Ignite Poison
  3724 | D:3      | Reached skill level 1 in Fire Magic
  4071 | D:3      | Reached XP level 7. HP: 45/46 MP: 3/12
  4414 | D:4      | Reached skill level 7 in Alchemy
  5293 | D:5      | Entered Level 5 of the Dungeon
  5350 | D:5      | Reached skill level 1 in Evocations
  5350 | D:5      | Reached XP level 8. HP: 36/52 MP: 2/14
  5844 | D:5      | Learned a level 4 spell: Sticky Flame
  5970 | D:5      | Noticed Eustachio
  5984 | D:5      | Killed Eustachio
  5985 | D:5      | Reached skill level 8 in Alchemy
  7320 | D:6      | Noticed Menkaure
  7366 | D:6      | Found a burning altar of Makhleb.
  7366 | D:6      | Found the amulet of Elemental Vulnerability {rPois rF--
                  | rC-- AC+8}
  7449 | D:6      | Noticed a rust devil
  7451 | D:6      | Noticed a rust devil
  7479 | D:6      | Found a runed translucent gate.
  7479 | D:6      | Found a runed translucent gate.
  7532 | D:6      | Found a staircase to the Ecumenical Temple.
  7536 | D:6      | Noticed Prince Ribbit
  7538 | Temple   | Entered the Ecumenical Temple
  7549 | Temple   | Became a worshipper of Yredelemnul the Fallen
  7596 | D:6      | Reached XP level 9. HP: 15/57 MP: 4/15
  7667 | D:6      | Killed Prince Ribbit
  7668 | D:6      | Reached skill level 5 in Fire Magic
  7668 | D:6      | Reached skill level 9 in Alchemy
  7993 | D:6      | Found a runed translucent gate.
  8285 | D:7      | Noticed a hornet
  8291 | D:7      | Killed a hornet
  8292 | D:7      | Reached skill level 5 in Spellcasting
  8429 | D:7      | Reached * piety under Yredelemnul
  8434 | D:7      | Reached skill level 5 in Evocations
  8458 | D:7      | Killed an unseen horror
  8459 | D:7      | Reached skill level 10 in Alchemy
  8672 | D:7      | Found Fekuatyu's Magic Scroll Shop.
  8679 | D:7      | Bought a scroll of teleportation for 42 gold pieces
  8679 | D:7      | Bought a scroll of identify for 28 gold pieces
  8909 | D:7      | Found an opulent altar of Gozag.
  8910 | D:7      | Found a sparkling altar of Nemelex Xobeh.
  8931 | D:7      | Found a shimmering blue altar of Sif Muna.
  9027 | D:8      | Reached XP level 10. HP: 52/63 MP: 8/18
  9281 | D:8      | Identified the +9 long sword "Wusorupt" {drain, Dex+3}
  9286 | D:8      | Found a flagged portal.
  9386 | Bailey   | Entered a bailey
  9405 | Bailey   | Noticed an orc warlord
  9436 | Bailey   | Found a runed translucent gate.
  9436 | Bailey   | Found a runed translucent gate.
  9439 | Bailey   | Found a runed translucent gate.
  9441 | Bailey   | Reached ** piety under Yredelemnul
  9488 | Bailey   | Killed an orc warlord
  9489 | Bailey   | Reached skill level 11 in Alchemy
  9947 | D:8      | Found a staircase to the Lair.
 10471 | D:9      | Reached XP level 11. HP: 68/68 MP: 20/20
 10678 | D:9      | Noticed a two-headed ogre
 10687 | D:9      | Killed a two-headed ogre
 10860 | D:9      | Reached skill level 12 in Alchemy
 11385 | D:9      | Noticed a tengu warrior
 11386 | D:9      | Noticed a two-headed ogre
 11392 | D:9      | Killed a two-headed ogre
 11393 | D:9      | Killed a tengu warrior
 11544 | D:9      | Found a hide-covered altar of Uskayaw.
 11551 | D:9      | Found a shadowy altar of Dithmenos.
 11556 | D:9      | Found an ancient bone altar of Kikubaaqudgha.
 11563 | D:9      | Found a blossoming altar of Fedhas.
 11565 | D:9      | Found a snail-covered altar of Cheibriados.
 11569 | D:9      | Found an iron altar of Okawaru.
 11765 | D:9      | Found an ornate altar of the Wu Jian Council.
 11827 | D:9      | Noticed a deep elf pyromancer
 11827 | D:9      | Noticed a deep elf pyromancer
 11830 | D:9      | Killed a deep elf pyromancer
 11834 | D:9      | Killed a deep elf pyromancer
 12046 | D:9      | Learned a level 5 spell: Irradiate
 12276 | D:9      | Noticed a boulder beetle
 12281 | D:9      | Killed a boulder beetle
 12281 | D:9      | Reached *** piety under Yredelemnul
 12296 | D:9      | Reached skill level 1 in Invocations
 12414 | D:9      | Acquired 686 gold pieces
 12446 | D:10     | Entered Level 10 of the Dungeon
 12446 | D:10     | Found a stormy altar of Qazlal.
 12454 | D:10     | Reached XP level 12. HP: 34/74 MP: 13/22
 12724 | Lair:1   | Entered Level 1 of the Lair of Beasts
 12755 | Lair:1   | Noticed Maggie
 12761 | Lair:1   | Killed Maggie
 12762 | Lair:1   | Reached skill level 13 in Alchemy
 13170 | Lair:1   | Found the +1 robe of Vines {NoPotionHeal Regen++++}
 13176 | Lair:1   | Noticed an eight-headed hydra
 13182 | Lair:1   | Killed an eight-headed hydra
 13183 | Lair:1   | Noticed a six-headed hydra
 13200 | Lair:1   | Killed a six-headed hydra
 13937 | Lair:1   | Noticed a catoblepas
 13948 | Lair:1   | Killed a catoblepas
 14096 | Lair:1   | Found a runed translucent door.
 14099 | Lair:1   | Noticed ranchalot's ghost (journeyman CoWr)
 14185 | Lair:1   | Identified the +10 dagger of Tuegipin {flame, rPois rC+++
                  | Dex-5 Stlth-}
 14409 | Lair:2   | Noticed a catoblepas
 14439 | Lair:2   | Killed a catoblepas
 14739 | Lair:2   | Reached skill level 10 in Fire Magic
 14756 | Lair:2   | Reached skill level 10 in Evocations
 14901 | Lair:2   | Noticed a six-headed hydra
 14910 | Lair:2   | Killed a six-headed hydra
 15119 | Lair:2   | Found a glowing silver altar of Zin.
 15265 | Lair:2   | Reached XP level 13. HP: 79/79 MP: 12/24
 15741 | Lair:3   | Found a staircase to the Shoals.
 15754 | Lair:3   | Found a staircase to the Snake Pit.
 15763 | Lair:3   | Reached skill level 5 in Conjurations
 15767 | Lair:3   | Reached skill level 14 in Alchemy
 15921 | Lair:3   | Learned a level 3 spell: Mephitic Cloud
 15951 | Lair:3   | Reached **** piety under Yredelemnul
 16218 | Lair:3   | Reached skill level 5 in Invocations
 17127 | Lair:4   | Reached ***** piety under Yredelemnul
 17359 | Lair:5   | Entered Level 5 of the Lair of Beasts
 17376 | Lair:5   | Reached XP level 14. HP: 71/85 MP: 11/27
 17379 | Lair:5   | Acquired a staff of alchemy
 17433 | Lair:5   | Found a frozen archway.
 17536 | Lair:5   | Found a viscous altar of Jiyva.
 17678 | IceCv    | Entered an ice cave
 17893 | IceCv    | Noticed a reaper
 17914 | IceCv    | Killed a reaper
 17914 | IceCv    | Bound a reaper
 18129 | IceCv    | Reached skill level 10 in Spellcasting
 19153 | D:10     | Found a shimmering altar of Xom.
 19230 | D:10     | Found Ishiotuaf's Assorted Antiques.
 19374 | D:10     | Found Titeagun's General Store.
 19479 | D:10     | Found Mugour's Jewellery Boutique.
 19487 | D:10     | Bought the amulet "Kel Jabe" {Faith Fly rPois Will+++
                  | Str-2} for 1079 gold pieces
 19549 | D:10     | Found Xexoupum's Assorted Antiques.
 19557 | D:10     | Bought a scroll labelled ENOOQO NUODY for 24 gold pieces
 19557 | D:10     | Bought a scroll labelled CUYRURCHEMEP for 24 gold pieces
 19557 | D:10     | Bought a scroll labelled CUYRURCHEMEP for 24 gold pieces
 19607 | D:10     | Noticed a fire giant
 19619 | D:10     | Killed a fire giant
 20265 | D:11     | Found a staircase to the Orcish Mines.
 20865 | D:12     | Reached skill level 1 in Fighting
 20945 | D:12     | Got the Incunabulum of Hapless Allies
 21067 | D:12     | Reached skill level 1 in Short Blades
 21465 | D:13     | Noticed Teloqir's ghost (journeyman MiFi)
 21466 | D:13     | Found the ring of the Octopus King
 21476 | D:13     | Found a transporter.
 21546 | D:13     | Found a transporter.
 21636 | D:13     | Noticed Sonja
 21641 | D:13     | Killed Sonja
 21642 | D:13     | Reached XP level 15. HP: 89/96 MP: 11/29
 22096 | Orc:1    | Entered Level 1 of the Orcish Mines
 22096 | Orc:1    | Noticed yleetSyT's ghost (journeyman FeDe)
 22096 | Orc:1    | Found a runed translucent door.
 22100 | Orc:1    | Reached skill level 10 in Conjurations
 22462 | Orc:1    | Demolished by yleetSyT's ghost

Illustrated notes

Levels and vault maps discovered:
D:1:      minmay_arrival_doors, layout_rooms, hangedman_decor_growths
D:2:      kennysheep_big_flooded_room, layout_basic, minmay_stone_trees_small
D:3:      layout_basic, vehumet_altar_wand_db, gammafunk_ghost_arena,
          cheibrodos_sewer_entry_drain, hangedman_decor_opposing
D:4:      layout_gridville, serial_glass, glass_columns_a, glass_columns_a,
          glass_columns_a, nicolae_houndstooth_variations
D:5:      layout_basic, uniq_eustachio
D:6:      cheibrodos_iron_armory, layout_cave_pools, old_standard_altar,
          temple_doors_e, minmay_tree_intersection, uniq_prince_ribbit1,
          uniq_menkaure
D:7:      layout_cave_pools, grunt_temple_overflow_opulence,
          general_overflow_altar, serial_shops, nicolae_shop_crystal,
          serial_library_hellmonk_long_bookcase
D:8:      layout_basic, minmay_lair_entry_grove, enter_bailey_8
D:9:      wad_statue_garden, layout_cave_pools, lemuel_doored_altar,
          nicolae_overflow_hallway_of_the_gods, hangedman_decor_diamond_cutter,
          serial_library_hellmonk_octagon
D:10:     minmay_shrinking_squares, layout_stronghold,
          nicolae_qazlal_style_of_elements, xom_confusion_cloud, serial_shops,
          nicolae_shop_gaudy_bauble, shop, nicolae_shop_overgrown_old_shop,
          shop, palyth_stone_intersect
D:11:     layout_cave_pods, orc_0_dummy
D:12:     layout_roguey, fungi_pond_lemuel
D:13:     layout_irregular_city, gammafunk_ghost_berserking_beasts, eino_jars,
          uniq_sonja
D:14:     layout_gridville, david_vaults_5, eino_curves_02, uniq_rupert
Temple:   hellmonk_temple_flake
Lair:1:   layout_concentric_octagons, ebering_ghost_inner_flame,
          serial_bayou_pond_e, hellmonk_guarded_unrand_vines, uniq_maggie
Lair:2:   layout_regular_city, lemuel_centaur_altar, grunt_megastairs_1
Lair:3:   layout_chaotic_city, elwin_shoals_entry_rocks,
          minmay_snake_entry_guardpost_small, minivault_19, grunt_megastairs_5
Lair:4:   layout_loops_ring, chequers_serial_rivers_small_3
Lair:5:   wormcave, layout_cave_pods, minmay_slime_entry_oklob_enclosed,
          portal_ice_cave_rime, nicolae_lair_lil_pond, st_stairs_12,
          serial_bayou_pond_e, serial_bayou_shore_b
Orc:1:    layout_diamond_mine, hellmonk_ghost_happy_afterlife,
          dreamdust_deal_with_the_devil

Skill      XL: |  1  2  3  4  5  6  7  8  9 10 11 12 13 14 15 |
---------------+----------------------------------------------+-----
Conjurations   | 1 2 4 7 9 10 | 10.0
Dodging        | 2 |  2.0
Spellcasting   | 2 3 4 5 6 7 9 10 | 10.0
Alchemy        | 4 6 7 8 10 11 12 13 14 | 14.0
Fire Magic     | 1 3 4 6 8 9 10 | 10.0
Evocations     | 1 3 5 7 8 10 | 10.0
Invocations    | 1 3 6 8 9 |  9.1
Fighting       | 2 3 |  3.8
Short Blades   | 2 3 |  3.4
Stealth        | |  1.8

Action                     |  1- 3 |  4- 6 |  7- 9 | 10-12 | 13-15 || total
---------------------------+-------+-------+-------+-------+-------++-------
  Melee: Unarmed           |    14 |       |       |       |       ||    14
         Dagger            |     8 |    85 |    63 |    21 |   176 ||   353
         Short sword       |       |       |    57 |    66 |       ||   123
         Long sword        |       |       |       |    90 |    49 ||   139
         Staff             |       |       |       |       |   121 ||   121
   Cast: Sting             |    31 |    45 |   123 |     1 |       ||   200
         Mercury Vapours   |     5 |    15 |    18 |     9 |       ||    47
         Olgreb's Toxic Ra |       |     7 |    24 |    51 |    61 ||   143
         Ignite Poison     |       |       |     2 |    17 |    20 ||    39
         Sticky Flame      |       |       |     2 |     3 |     2 ||     7
         Irradiate         |       |       |       |     5 |     7 ||    12
         Mephitic Cloud    |       |       |       |       |     1 ||     1
 Invoke: Light the Black T |       |       |     3 |     5 |     9 ||    17
         Recall Undead Har |       |       |       |       |     3 ||     3
         Hurl Torchlight   |       |       |       |       |     2 ||     2
         Bind Soul         |       |       |       |       |     1 ||     1
  Evoke: Wand              |       |     7 |    13 |    14 |     6 ||    40
         Phial of floods   |       |       |       |       |     1 ||     1
    Use: Potion            |       |     4 |     3 |     1 |     4 ||    12
         Scroll            |       |       |     5 |     5 |     4 ||    14
   Stab: Distracted        |       |       |       |     2 |     1 ||     3
         Sleeping          |       |       |       |     2 |       ||     2
 Armour: Robe              |    15 |   105 |   131 |   115 |   293 ||   659
  Dodge: Dodged            |    31 |   111 |    97 |   106 |   224 ||   569

Table legend: (Time is in decaauts)
 A = Elapsed time spent in this place.
 B = Non-inter-level travel time spent in this place.
 C = Inter-level travel time spent in this place.
 D = Time resting spent in this place.
 E = Time spent auto-exploring this place.
 F = Levels seen in this place.
 G = Mean time per level.
                   A        B        C        D        E       F      G
               +--------+--------+--------+--------+--------+-----+--------+
         Total |  23329 |  22252 |   1077 |   6919 |  10475 |  24 |  972.0 |
       Dungeon |  15210 |  14340 |    870 |   4538 |   6973 |  14 | 1086.4 |
        Temple |     23 |     13 |     10 |      0 |      0 |   1 |   23.0 |
          Lair |   5972 |   5776 |    196 |   1718 |   2933 |   5 | 1194.4 |
  Orcish Mines |    385 |    385 |      0 |     70 |    247 |   1 |  385.0 |
         Sewer |    725 |    725 |      0 |    345 |    130 |   1 |  725.0 |
        Bailey |    445 |    445 |      0 |     84 |    134 |   1 |  445.0 |
      Ice Cave |    566 |    566 |      0 |    164 |     57 |   1 |  566.0 |
               +--------+--------+--------+--------+--------+-----+--------+

Top non-repeatable levels by time:
     D:9: 2071 daAuts
  Lair:1: 1754 daAuts
     D:3: 1754 daAuts
     D:5: 1545 daAuts
  Lair:2: 1393 daAuts
     D:4: 1185 daAuts
     D:8: 1183 daAuts
     D:2: 1131 daAuts
  Lair:5: 1121 daAuts
     D:6: 1086 daAuts
    D:11: 1012 daAuts
    D:10: 980 daAuts
     D:1: 979 daAuts
     D:7: 888 daAuts
    D:13: 880 daAuts
